[ AOE2 MATCH · #484331122 ]
UnrankedBurmese vs Mongols
[ REPLAY ANALYSIS · EXTRACTED FROM THE RECORDED GAME ]
Feudal
11:22
Castle
15:30
Imperial
32:26
| APM avg | 29.8 |
| APM peak | 53 |
| eAPM avg | 19.5 |
| Villagers / military | 172 / 222 |
Focus
⚔️ 25.9% · 🌾 74.1%
Spearman ×200 · Unknown (882) ×25 · Mangonel ×9 · Bombard Cannon ×9 · Monk ×4
Feudal
9:32
Castle
15:41
Imperial
30:14
| APM avg | 34.1 |
| APM peak | 88 |
| eAPM avg | 22.2 |
| Villagers / military | 111 / 166 |
Focus
⚔️ 34.5% · 🌾 65.5%
Cavalry Archer ×70 · Scout Cavalry ×52 · Mangudai ×36 · Trebuchet (Packed) ×6 · Monk ×2
Feudal
11:50
Castle
15:22
Imperial
28:44
| APM avg | 24.0 |
| APM peak | 79 |
| eAPM avg | 15.4 |
| Villagers / military | 132 / 72 |
Focus
⚔️ 16.6% · 🌾 83.4%
Scout Cavalry ×37 · Genoese Crossbowman ×23 · Bombard Cannon ×10 · Knight ×2
Feudal
12:15
Castle
14:57
Imperial
30:48
| APM avg | 20.9 |
| APM peak | 52 |
| eAPM avg | 11.7 |
| Villagers / military | 200 / 306 |
Focus
⚔️ 31.1% · 🌾 68.9%
Scout Cavalry ×222 · Scorpion ×76 · Trebuchet (Packed) ×6 · Monk ×2
Feudal
11:16
Castle
14:57
Imperial
29:43
| APM avg | 28.6 |
| APM peak | 88 |
| eAPM avg | 15.4 |
| Villagers / military | 132 / 126 |
Focus
⚔️ 30.4% · 🌾 69.6%
Hand Cannoneer ×64 · Spearman ×45 · Bombard Cannon ×6 · Monk ×5 · Scout Cavalry ×5 · Battering Ram ×1
Feudal
10:48
Castle
15:17
Imperial
31:23
| APM avg | 23.9 |
| APM peak | 52 |
| eAPM avg | 15.3 |
| Villagers / military | 134 / 142 |
Focus
⚔️ 32.9% · 🌾 67.1%
Cavalry Archer ×95 · Scout Cavalry ×45 · Trebuchet (Packed) ×2
Feudal
10:05
Castle
15:04
Imperial
28:53
| APM avg | 26.6 |
| APM peak | 79 |
| eAPM avg | 14.4 |
| Villagers / military | 136 / 83 |
Focus
⚔️ 18.4% · 🌾 81.6%
Spearman ×30 · Hand Cannoneer ×28 · Hussite Wagon ×15 · Bombard Cannon ×6 · Monk ×4
Feudal
10:33
Castle
14:12
Imperial
29:55
| APM avg | 44.7 |
| APM peak | 88 |
| eAPM avg | 21.9 |
| Villagers / military | 154 / 289 |
Focus
⚔️ 26.3% · 🌾 73.7%
Scout Cavalry ×125 · Archer ×73 · Knight ×33 · Skirmisher ×29 · Battering Ram ×15 · Mangonel ×5
Match map
Initial resources + every placement click. Lines = walls · curves = elevation contours. ◆ gold · ⬟ stone · ● berries · ✦ relic · ◌ wall gap
Your base· ✓ Closed at 15:30 · 0t walls · 2 gate(s)
等我上帝王's base· ✓ Closed at 15:41 · 0t walls · 2 gate(s)
ang's base· ✓ Closed at 15:22 · 0t walls · 3 gate(s)
人老手不慢's base· ✓ Closed at 14:57 · 0t walls · 2 gate(s)
碧蓝档案糕手's base· ✓ Closed at 14:57 · 0t walls · 2 gate(s)
uvaperro's base· ✓ Closed at 15:17 · 0t walls · 2 gate(s)
Q力山大一世's base· ✓ Closed at 15:04 · 0t walls · 2 gate(s)
不務正業護理斯's base· ✓ Closed at 14:12 · 0t walls · 2 gate(s)
Smoothed initial terrain · ◌ = detected wall gap · hover for details
Inputs per minute
— wang_03 - - 等我上帝王
Build order — wang_03
First 150 of 470 actions detected
| 0:02 | Create | Villager (Male) |
| 0:02 | Create | Villager (Male) |
| 0:04 | Build | House |
| 0:06 | Build | House |
| 0:22 | Create | Villager (Male) |
| 0:22 | Create | Villager (Male) |
| 0:22 | Create | Villager (Male) |
| 0:23 | Create | Villager (Male) |
| 0:32 | Build | House |
| 0:39 | Build | House |
| 0:59 | Build | Mill |
| 1:37 | Create | Villager (Male) |
| 2:08 | Create | Villager (Male) |
| 2:08 | Create | Villager (Male) |
| 2:29 | Create | Villager (Male) |
| 2:29 | Create | Villager (Male) |
| 3:02 | Create | Villager (Male) |
| 3:02 | Create | Villager (Male) |
| 3:02 | Create | Villager (Male) |
| 3:25 | Create | Villager (Male) |
| 3:25 | Create | Villager (Male) |
| 3:25 | Create | Villager (Male) |
| 3:54 | Create | Villager (Male) |
| 3:54 | Create | Villager (Male) |
| 3:55 | Create | Villager (Male) |
| 4:08 | Build | Lumber Camp |
| 4:19 | Create | Villager (Male) |
| 4:20 | Create | Villager (Male) |
| 4:20 | Create | Villager (Male) |
| 4:21 | Create | Villager (Male) |
| 4:22 | Create | Villager (Male) |
| 4:22 | Create | Villager (Male) |
| 5:05 | Create | Villager (Male) |
| 5:05 | Create | Villager (Male) |
| 5:06 | Create | Villager (Male) |
| 5:44 | Build | Mill |
| 6:02 | Create | Villager (Male) |
| 6:02 | Create | Villager (Male) |
| 6:04 | Create | Villager (Male) |
| 6:05 | Create | Villager (Male) |
| 6:05 | Create | Villager (Male) |
| 6:05 | Create | Villager (Male) |
| 6:31 | Create | Villager (Male) |
| 6:31 | Create | Villager (Male) |
| 6:32 | Create | Villager (Male) |
| 7:40 | Build | Mining Camp |
| 8:14 | Build | Mill |
| 8:47 | Create | Villager (Male) |
| 9:03 | Research | Feudal Age |
| 9:51 | Build | Farm |
| 9:56 | Build | Farm |
| 10:18 | Build | Farm |
| 10:21 | Create | Villager (Male) |
| 10:23 | Create | Villager (Male) |
| 10:52 | Build | Farm |
| 11:17 | Build | Farm |
| 11:22 | Age | Feudal Age |
| 11:28 | Build | Market |
| 11:35 | Research | Loom |
| 11:35 | Research | Loom |
| 11:39 | Build | House |
| 11:48 | Build | Blacksmith |
| 11:51 | Create | Villager (Male) |
| 11:51 | Create | Villager (Male) |
| 12:38 | Build | Farm |
| 12:39 | Build | Farm |
| 12:44 | Research | Castle Age |
| 12:44 | Research | Castle Age |
| 13:14 | Research | Horse Collar |
| 14:02 | Build | Barracks |
| 14:04 | Build | House |
| 14:43 | Create | Villager (Male) |
| 14:57 | Create | Spearman |
| 14:57 | Create | Spearman |
| 15:01 | Create | Villager (Male) |
| 15:05 | Create | Villager (Male) |
| 15:18 | Create | Villager (Male) |
| 15:19 | Create | Villager (Male) |
| 15:30 | Age | Castle Age |
| 15:37 | Build | House |
| 15:42 | Build | Monastery |
| 15:46 | Build | Town Center |
| 15:53 | Create | Villager (Male) |
| 16:14 | Create | Monk |
| 16:17 | Create | Villager (Male) |
| 16:18 | Create | Villager (Male) |
| 16:42 | Build | Town Center |
| 16:51 | Create | Villager (Male) |
| 16:59 | Create | Villager (Male) |
| 17:03 | Research | Heavy Plow |
| 17:09 | Build | House |
| 17:10 | Build | House |
| 17:24 | Create | Spearman |
| 17:30 | Create | Villager (Male) |
| 17:43 | Create | Villager (Male) |
| 17:45 | Create | Villager (Male) |
| 17:59 | Create | Monk |
| 18:01 | Create | Villager (Male) |
| 18:21 | Create | Spearman |
| 18:52 | Create | Villager (Male) |
| 19:06 | Create | Spearman |
| 19:08 | Create | Villager (Male) |
| 19:09 | Create | Villager (Male) |
| 19:09 | Create | Villager (Male) |
| 19:35 | Create | Villager (Male) |
| 19:47 | Create | Villager (Male) |
| 19:49 | Create | Villager (Male) |
| 19:49 | Create | Villager (Male) |
| 19:51 | Build | House |
| 19:52 | Build | House |
| 20:06 | Build | Farm |
| 20:07 | Build | Farm |
| 20:07 | Build | Farm |
| 20:07 | Build | Farm |
| 20:09 | Build | Town Center |
| 20:12 | Create | Villager (Male) |
| 20:38 | Build | Farm |
| 20:38 | Build | Farm |
| 20:38 | Build | Farm |
| 20:38 | Build | Farm |
| 20:39 | Build | Farm |
| 20:39 | Build | Farm |
| 20:39 | Build | Farm |
| 20:42 | Create | Villager (Male) |
| 20:52 | Create | Villager (Male) |
| 20:52 | Create | Villager (Male) |
| 20:52 | Create | Villager (Male) |
| 20:52 | Create | Villager (Male) |
| 21:18 | Build | Farm |
| 21:25 | Create | Villager (Male) |
| 21:26 | Create | Villager (Male) |
| 21:26 | Create | Villager (Male) |
| 21:39 | Create | Monk |
| 21:52 | Create | Villager (Male) |
| 21:53 | Create | Villager (Male) |
| 21:55 | Create | Monk |
| 22:05 | Create | Villager (Male) |
| 22:05 | Create | Villager (Male) |
| 22:09 | Build | Farm |
| 22:09 | Build | Farm |
| 22:10 | Build | Farm |
| 22:10 | Build | Farm |
| 22:10 | Build | Farm |
| 22:11 | Build | Farm |
| 22:14 | Create | Villager (Male) |
| 22:41 | Create | Villager (Male) |
| 22:44 | Create | Villager (Male) |
| 22:44 | Create | Villager (Male) |
| 22:45 | Create | Villager (Male) |
| 22:48 | Build | Farm |
Build order — 等我上帝王
First 150 of 435 actions detected
| 0:13 | Create | Villager (Male) |
| 0:14 | Create | Villager (Male) |
| 0:14 | Create | Villager (Male) |
| 0:15 | Create | Villager (Male) |
| 0:16 | Build | House |
| 0:18 | Build | House |
| 1:53 | Create | Villager (Male) |
| 1:53 | Create | Villager (Male) |
| 2:28 | Create | Villager (Male) |
| 2:28 | Create | Villager (Male) |
| 2:30 | Create | Villager (Male) |
| 2:30 | Create | Villager (Male) |
| 3:11 | Create | Villager (Male) |
| 3:12 | Create | Villager (Male) |
| 3:22 | Create | Villager (Male) |
| 3:32 | Build | House |
| 3:36 | Build | Lumber Camp |
| 4:02 | Create | Villager (Male) |
| 4:02 | Create | Villager (Male) |
| 4:02 | Create | Villager (Male) |
| 4:50 | Create | Villager (Male) |
| 4:51 | Create | Villager (Male) |
| 5:06 | Create | Villager (Male) |
| 5:06 | Create | Villager (Male) |
| 5:48 | Create | Villager (Male) |
| 5:48 | Create | Villager (Male) |
| 5:51 | Build | Mill |
| 6:15 | Build | House |
| 6:25 | Create | Villager (Male) |
| 7:03 | Build | Farm |
| 7:22 | Research | Feudal Age |
| 7:22 | Research | Feudal Age |
| 7:35 | Build | Mining Camp |
| 9:19 | Create | Villager (Male) |
| 9:32 | Age | Feudal Age |
| 9:36 | Create | Villager (Male) |
| 9:42 | Build | Blacksmith |
| 10:05 | Create | Villager (Male) |
| 10:22 | Create | Villager (Male) |
| 10:48 | Build | Market |
| 11:10 | Create | Villager (Male) |
| 11:15 | Build | Farm |
| 11:33 | Create | Villager (Male) |
| 11:39 | Build | Farm |
| 11:51 | Build | House |
| 12:13 | Build | House |
| 12:34 | Create | Villager (Male) |
| 12:38 | Build | Farm |
| 12:55 | Create | Villager (Male) |
| 12:57 | Research | Castle Age |
| 12:58 | Research | Castle Age |
| 12:59 | Research | Double-Bit Axe |
| 13:00 | Research | Double-Bit Axe |
| 13:18 | Build | Farm |
| 14:39 | Research | Horse Collar |
| 15:34 | Build | Lumber Camp |
| 15:41 | Age | Castle Age |
| 15:44 | Create | Villager (Male) |
| 15:45 | Create | Villager (Male) |
| 15:45 | Create | Villager (Male) |
| 15:55 | Build | Town Center |
| 16:28 | Create | Villager (Male) |
| 16:49 | Create | Villager (Male) |
| 16:49 | Create | Villager (Male) |
| 16:50 | Create | Villager (Male) |
| 17:12 | Build | Town Center |
| 17:19 | Create | Villager (Male) |
| 17:21 | Create | Villager (Male) |
| 17:35 | Build | Monastery |
| 17:49 | Build | Farm |
| 17:52 | Create | Villager (Male) |
| 17:52 | Create | Villager (Male) |
| 17:52 | Create | Villager (Male) |
| 17:56 | Build | Farm |
| 18:14 | Create | Monk |
| 18:14 | Create | Monk |
| 18:22 | Build | Farm |
| 18:24 | Create | Villager (Male) |
| 18:32 | Build | Farm |
| 18:35 | Create | Villager (Male) |
| 18:39 | Create | Villager (Male) |
| 18:47 | Build | Farm |
| 18:49 | Build | Farm |
| 18:53 | Build | Farm |
| 19:00 | Create | Villager (Male) |
| 19:01 | Create | Villager (Male) |
| 19:20 | Build | House |
| 19:21 | Build | House |
| 19:22 | Build | House |
| 19:27 | Build | Farm |
| 19:31 | Build | Farm |
| 19:34 | Build | Farm |
| 19:36 | Research | Loom |
| 19:37 | Research | Town Watch |
| 19:39 | Create | Villager (Male) |
| 19:39 | Create | Villager (Male) |
| 19:43 | Build | Farm |
| 19:46 | Build | Farm |
| 19:47 | Create | Villager (Male) |
| 20:31 | Create | Villager (Male) |
| 20:32 | Create | Villager (Male) |
| 20:32 | Create | Villager (Male) |
| 20:33 | Create | Villager (Male) |
| 20:42 | Build | Farm |
| 20:50 | Build | Farm |
| 20:53 | Create | Villager (Male) |
| 20:53 | Create | Villager (Male) |
| 20:57 | Build | House |
| 21:05 | Build | Lumber Camp |
| 21:10 | Build | House |
| 21:15 | Create | Villager (Male) |
| 21:15 | Create | Villager (Male) |
| 21:22 | Build | Farm |
| 21:26 | Create | Villager (Male) |
| 21:56 | Create | Villager (Male) |
| 21:56 | Create | Villager (Male) |
| 21:56 | Create | Villager (Male) |
| 21:58 | Build | Farm |
| 22:08 | Build | House |
| 22:09 | Build | House |
| 22:42 | Build | Farm |
| 22:44 | Create | Villager (Male) |
| 22:44 | Create | Villager (Male) |
| 22:44 | Create | Villager (Male) |
| 22:45 | Create | Villager (Male) |
| 23:07 | Create | Villager (Male) |
| 23:08 | Create | Villager (Male) |
| 23:08 | Create | Villager (Male) |
| 23:08 | Create | Villager (Male) |
| 23:11 | Build | Farm |
| 23:13 | Research | Wheelbarrow |
| 23:14 | Research | Wheelbarrow |
| 23:17 | Create | Villager (Male) |
| 23:17 | Create | Villager (Male) |
| 23:22 | Build | Farm |
| 23:28 | Create | Villager (Male) |
| 23:33 | Build | Farm |
| 23:37 | Build | House |
| 23:41 | Build | University |
| 23:43 | Create | Villager (Male) |
| 23:44 | Create | Villager (Male) |
| 23:44 | Create | Villager (Male) |
| 23:45 | Create | Villager (Male) |
| 24:13 | Create | Villager (Male) |
| 24:30 | Create | Villager (Male) |
| 24:31 | Create | Villager (Male) |
| 24:31 | Create | Villager (Male) |
| 24:31 | Create | Villager (Male) |
| 24:56 | Create | Villager (Male) |
| 24:56 | Create | Villager (Male) |
Build order — ang
First 150 of 337 actions detected
| 0:01 | Create | Villager (Male) |
| 0:02 | Create | Villager (Male) |
| 0:03 | Build | House |
| 0:06 | Build | House |
| 0:23 | Create | Villager (Male) |
| 0:23 | Create | Villager (Male) |
| 1:36 | Create | Villager (Male) |
| 1:37 | Create | Villager (Male) |
| 1:48 | Build | Lumber Camp |
| 2:04 | Create | Villager (Male) |
| 2:05 | Create | Villager (Male) |
| 2:17 | Create | Villager (Male) |
| 2:44 | Create | Villager (Male) |
| 3:03 | Create | Villager (Male) |
| 3:33 | Build | Mill |
| 3:50 | Create | Villager (Male) |
| 3:50 | Create | Villager (Male) |
| 3:56 | Build | House |
| 4:23 | Create | Villager (Male) |
| 4:25 | Build | House |
| 4:28 | Build | House |
| 4:50 | Create | Villager (Male) |
| 5:15 | Create | Villager (Male) |
| 5:16 | Create | Villager (Male) |
| 5:29 | Create | Villager (Male) |
| 5:48 | Create | Villager (Male) |
| 6:03 | Build | Farm |
| 6:05 | Create | Villager (Male) |
| 6:44 | Create | Villager (Male) |
| 6:45 | Create | Villager (Male) |
| 7:15 | Create | Villager (Male) |
| 7:38 | Build | Farm |
| 7:42 | Create | Villager (Male) |
| 7:51 | Create | Villager (Male) |
| 8:01 | Create | Villager (Male) |
| 8:08 | Build | Lumber Camp |
| 8:10 | Create | Villager (Male) |
| 8:31 | Create | Villager (Male) |
| 8:44 | Build | Mill |
| 9:19 | Build | Mining Camp |
| 9:23 | Research | Feudal Age |
| 10:21 | Build | Barracks |
| 11:41 | Build | House |
| 11:47 | Create | Villager (Male) |
| 11:47 | Create | Villager (Male) |
| 11:50 | Age | Feudal Age |
| 11:52 | Build | Archery Range |
| 11:54 | Build | Blacksmith |
| 12:00 | Research | Double-Bit Axe |
| 12:17 | Build | Farm |
| 12:22 | Create | Villager (Male) |
| 12:42 | Research | Castle Age |
| 12:59 | Build | House |
| 13:29 | Build | Palisade Gate |
| 13:58 | Build | Farm |
| 13:59 | Build | Farm |
| 14:01 | Build | Farm |
| 14:07 | Build | Farm |
| 14:08 | Build | Farm |
| 14:11 | Create | Villager (Male) |
| 14:18 | Build | House |
| 14:20 | Build | House |
| 14:21 | Build | House |
| 14:47 | Create | Villager (Male) |
| 15:22 | Age | Castle Age |
| 15:29 | Build | Town Center |
| 15:32 | Create | Villager (Male) |
| 15:42 | Build | Town Center |
| 15:46 | Research | Horse Collar |
| 15:55 | Create | Villager (Male) |
| 15:58 | Research | Bow Saw |
| 16:22 | Research | Heavy Plow |
| 16:42 | Create | Villager (Male) |
| 16:50 | Build | Farm |
| 16:53 | Create | Villager (Male) |
| 16:53 | Create | Villager (Male) |
| 17:07 | Build | Farm |
| 17:21 | Create | Villager (Male) |
| 17:22 | Create | Villager (Male) |
| 17:26 | Create | Villager (Male) |
| 17:29 | Create | Villager (Male) |
| 17:31 | Build | Farm |
| 17:34 | Create | Villager (Male) |
| 17:40 | Research | Loom |
| 17:43 | Create | Villager (Male) |
| 17:47 | Build | Farm |
| 17:51 | Build | Farm |
| 17:55 | Build | Farm |
| 17:59 | Build | Farm |
| 18:00 | Create | Villager (Male) |
| 18:02 | Build | Farm |
| 18:38 | Create | Villager (Male) |
| 18:40 | Build | Farm |
| 18:42 | Create | Villager (Male) |
| 18:44 | Create | Villager (Male) |
| 18:47 | Create | Villager (Male) |
| 19:02 | Create | Villager (Male) |
| 19:06 | Create | Villager (Male) |
| 19:12 | Create | Villager (Male) |
| 19:19 | Build | House |
| 19:31 | Build | Farm |
| 19:32 | Build | Farm |
| 19:35 | Create | Villager (Male) |
| 19:37 | Create | Villager (Male) |
| 19:39 | Create | Villager (Male) |
| 19:41 | Build | Farm |
| 19:45 | Build | Farm |
| 19:47 | Create | Villager (Male) |
| 20:01 | Create | Villager (Male) |
| 20:03 | Build | Farm |
| 20:05 | Create | Villager (Male) |
| 20:28 | Create | Villager (Male) |
| 20:32 | Build | Farm |
| 20:34 | Create | Villager (Male) |
| 20:38 | Create | Villager (Male) |
| 20:38 | Create | Villager (Male) |
| 20:59 | Create | Villager (Male) |
| 21:01 | Build | Farm |
| 21:04 | Create | Villager (Male) |
| 21:04 | Create | Villager (Male) |
| 21:05 | Create | Villager (Male) |
| 21:06 | Create | Villager (Male) |
| 21:12 | Build | House |
| 21:13 | Build | House |
| 21:23 | Build | Mining Camp |
| 21:25 | Build | Farm |
| 21:27 | Create | Villager (Male) |
| 21:28 | Create | Villager (Male) |
| 21:30 | Create | Villager (Male) |
| 21:32 | Create | Villager (Male) |
| 21:33 | Create | Villager (Male) |
| 21:48 | Build | Farm |
| 21:50 | Build | Mill |
| 21:52 | Create | Villager (Male) |
| 21:54 | Create | Villager (Male) |
| 22:01 | Build | Farm |
| 22:02 | Build | Farm |
| 22:05 | Build | Farm |
| 22:07 | Build | Mill |
| 22:09 | Build | Farm |
| 22:10 | Build | Farm |
| 22:12 | Build | Farm |
| 22:20 | Build | University |
| 22:25 | Build | Monastery |
| 22:28 | Create | Villager (Male) |
| 22:29 | Create | Villager (Male) |
| 22:31 | Build | Farm |
| 22:33 | Build | Farm |
| 22:37 | Create | Villager (Male) |
| 22:40 | Build | House |
Build order — 人老手不慢
First 150 of 331 actions detected
| 0:04 | Create | Villager (Male) ×4 |
| 0:04 | Create | Villager (Male) ×4 |
| 0:04 | Create | Villager (Male) ×4 |
| 0:04 | Create | Villager (Male) ×4 |
| 0:08 | Build | House |
| 0:11 | Build | House |
| 1:34 | Create | Villager (Male) |
| 1:35 | Create | Villager (Male) |
| 2:10 | Create | Villager (Male) |
| 2:10 | Create | Villager (Male) |
| 2:21 | Create | Villager (Male) |
| 2:21 | Create | Villager (Male) |
| 2:54 | Create | Villager (Male) |
| 2:54 | Create | Villager (Male) |
| 3:06 | Build | House |
| 3:09 | Create | Villager (Male) |
| 3:32 | Build | Mill |
| 3:39 | Create | Villager (Male) |
| 3:39 | Create | Villager (Male) |
| 3:54 | Create | Villager (Male) |
| 3:54 | Create | Villager (Male) |
| 4:35 | Create | Villager (Male) |
| 4:35 | Create | Villager (Male) |
| 4:35 | Create | Villager (Male) |
| 4:53 | Create | Villager (Male) |
| 5:13 | Build | Lumber Camp |
| 5:18 | Create | Villager (Male) |
| 5:19 | Create | Villager (Male) |
| 5:37 | Create | Villager (Male) |
| 5:37 | Create | Villager (Male) |
| 6:05 | Create | Villager (Male) ×2 |
| 6:05 | Create | Villager (Male) ×2 |
| 6:12 | Build | House |
| 6:17 | Create | Villager (Male) ×2 |
| 6:24 | Create | Villager (Male) |
| 6:45 | Create | Villager (Male) |
| 6:45 | Create | Villager (Male) |
| 7:04 | Build | Mining Camp |
| 7:22 | Build | House |
| 7:31 | Create | Villager (Male) |
| 7:31 | Create | Villager (Male) |
| 8:16 | Build | Mill |
| 8:23 | Create | Villager (Male) |
| 8:23 | Create | Villager (Male) |
| 9:20 | Build | Farm |
| 9:26 | Build | Farm |
| 9:30 | Research | Feudal Age |
| 9:47 | Build | Farm |
| 10:27 | Build | Farm |
| 11:17 | Build | Farm |
| 11:29 | Build | Farm |
| 11:41 | Build | House |
| 12:04 | Build | Farm |
| 12:15 | Age | Feudal Age |
| 12:17 | Research | Castle Age |
| 12:17 | Research | Castle Age |
| 12:23 | Research | Double-Bit Axe |
| 12:51 | Research | Horse Collar |
| 13:12 | Build | Farm |
| 14:29 | Create | Villager (Male) |
| 14:30 | Create | Villager (Male) |
| 14:30 | Create | Villager (Male) |
| 14:31 | Research | Wheelbarrow |
| 14:57 | Age | Castle Age |
| 15:04 | Build | Town Center |
| 15:42 | Build | Town Center |
| 16:02 | Create | Villager (Male) |
| 16:02 | Create | Villager (Male) |
| 16:03 | Create | Villager (Male) |
| 16:09 | Research | Bow Saw |
| 16:27 | Build | House |
| 16:45 | Build | Farm |
| 16:53 | Build | Farm |
| 16:57 | Create | Villager (Male) |
| 16:57 | Create | Villager (Male) |
| 17:03 | Build | House |
| 17:09 | Create | Villager (Male) |
| 17:15 | Research | Heavy Plow |
| 17:23 | Create | Villager (Male) |
| 17:23 | Create | Villager (Male) |
| 17:23 | Create | Villager (Male) |
| 17:30 | Create | Villager (Male) |
| 17:30 | Create | Villager (Male) |
| 17:46 | Build | Monastery |
| 17:51 | Create | Villager (Male) |
| 17:52 | Create | Villager (Male) |
| 17:52 | Create | Villager (Male) |
| 18:17 | Create | Villager (Male) ×2 |
| 18:36 | Build | Town Center |
| 18:42 | Create | Monk |
| 18:56 | Build | House |
| 18:57 | Build | House |
| 18:57 | Build | House |
| 19:04 | Create | Villager (Male) ×4 |
| 19:05 | Create | Villager (Male) ×4 |
| 19:26 | Create | Villager (Male) ×2 |
| 19:26 | Create | Villager (Male) ×2 |
| 19:33 | Build | Farm |
| 19:34 | Build | Farm |
| 19:34 | Build | Farm |
| 19:35 | Build | Farm |
| 19:35 | Build | Farm |
| 19:40 | Create | Villager (Male) |
| 19:40 | Create | Villager (Male) |
| 19:50 | Build | Town Center |
| 19:55 | Create | Villager (Male) |
| 19:55 | Create | Villager (Male) |
| 20:41 | Create | Villager (Male) ×4 |
| 20:41 | Create | Villager (Male) ×4 |
| 20:42 | Create | Villager (Male) ×4 |
| 20:45 | Build | Farm |
| 21:03 | Create | Villager (Male) ×2 |
| 21:03 | Create | Villager (Male) ×2 |
| 21:22 | Build | Farm |
| 21:22 | Build | Farm |
| 21:23 | Build | Farm |
| 21:23 | Build | Farm |
| 21:23 | Build | Farm |
| 21:23 | Build | Farm |
| 21:24 | Build | Farm |
| 21:24 | Build | Farm |
| 21:25 | Build | Farm |
| 21:31 | Create | Villager (Male) ×4 |
| 21:31 | Create | Villager (Male) ×4 |
| 21:38 | Build | Farm |
| 21:59 | Create | Villager (Male) ×3 |
| 22:00 | Create | Villager (Male) ×3 |
| 22:15 | Create | Villager (Male) ×3 |
| 22:15 | Create | Villager (Male) ×3 |
| 22:24 | Build | Farm |
| 22:25 | Build | Farm |
| 22:25 | Build | Farm |
| 22:26 | Build | Farm |
| 22:26 | Build | Farm |
| 22:26 | Build | Farm |
| 22:31 | Create | Villager (Male) ×2 |
| 22:32 | Create | Villager (Male) ×2 |
| 22:32 | Create | Villager (Male) |
| 22:32 | Create | Villager (Male) |
| 22:40 | Build | House |
| 22:41 | Build | House |
| 22:43 | Build | House |
| 22:44 | Build | House |
| 23:04 | Create | Monk |
| 23:12 | Build | Farm |
| 23:17 | Build | Farm |
| 23:18 | Build | Farm |
| 23:25 | Research | Hand Cart |
| 23:26 | Create | Villager (Male) ×4 |
| 23:27 | Create | Villager (Male) ×4 |
Build order — 碧蓝档案糕手
First 150 of 374 actions detected
| 0:04 | Build | House |
| 0:04 | Create | Villager (Male) |
| 0:04 | Create | Villager (Male) |
| 0:05 | Create | Villager (Male) |
| 0:05 | Build | House |
| 1:20 | Create | Villager (Male) |
| 1:33 | Create | Villager (Male) |
| 2:07 | Create | Villager (Male) |
| 2:07 | Create | Villager (Male) |
| 2:14 | Build | Lumber Camp |
| 2:20 | Create | Villager (Male) |
| 2:56 | Create | Villager (Male) |
| 3:12 | Research | Double-Bit Axe |
| 3:28 | Create | Villager (Male) |
| 3:28 | Create | Villager (Male) |
| 3:52 | Create | Villager (Male) |
| 3:52 | Create | Villager (Male) |
| 4:10 | Build | House |
| 4:25 | Create | Villager (Male) |
| 4:25 | Create | Villager (Male) |
| 4:47 | Create | Villager (Male) |
| 4:47 | Create | Villager (Male) |
| 4:56 | Research | Loom |
| 5:13 | Create | Villager (Male) |
| 5:13 | Create | Villager (Male) |
| 5:13 | Create | Villager (Male) |
| 6:07 | Create | Villager (Male) |
| 6:29 | Build | Mill |
| 6:30 | Create | Villager (Male) |
| 6:31 | Create | Villager (Male) |
| 6:38 | Build | House |
| 7:22 | Create | Villager (Male) |
| 7:22 | Create | Villager (Male) |
| 7:27 | Build | Mill |
| 7:51 | Create | Villager (Male) |
| 8:26 | Create | Villager (Male) |
| 8:45 | Build | Mining Camp |
| 8:58 | Research | Feudal Age |
| 9:07 | Create | Villager (Male) |
| 9:08 | Create | Villager (Male) |
| 9:16 | Build | House |
| 10:23 | Build | Barracks |
| 11:16 | Age | Feudal Age |
| 11:22 | Build | Stable |
| 11:35 | Build | Blacksmith |
| 12:17 | Research | Castle Age |
| 12:29 | Build | Farm |
| 12:31 | Build | Farm |
| 13:15 | Create | Scout Cavalry |
| 13:24 | Build | House |
| 13:25 | Build | House |
| 13:36 | Build | Farm |
| 13:47 | Build | Farm |
| 13:49 | Create | Scout Cavalry |
| 14:10 | Build | Farm |
| 14:12 | Build | Farm |
| 14:17 | Build | Farm |
| 14:29 | Build | House |
| 14:30 | Build | House |
| 14:32 | Create | Scout Cavalry |
| 14:57 | Age | Castle Age |
| 15:03 | Build | Monastery |
| 15:06 | Research | Light Cavalry (upgrade) |
| 15:30 | Create | Villager (Male) |
| 15:35 | Build | Farm |
| 16:01 | Create | Villager (Male) |
| 16:02 | Create | Villager (Male) |
| 16:04 | Create | Monk |
| 16:05 | Create | Monk |
| 16:11 | Build | Town Center |
| 16:17 | Build | Mining Camp |
| 16:24 | Create | Villager (Male) |
| 17:05 | Build | Farm |
| 17:07 | Create | Villager (Male) |
| 17:17 | Create | Villager (Male) |
| 17:21 | Build | Farm |
| 17:32 | Build | House |
| 17:33 | Build | House |
| 18:15 | Create | Villager (Male) |
| 18:15 | Create | Villager (Male) |
| 18:16 | Create | Villager (Male) |
| 18:16 | Create | Villager (Male) |
| 18:20 | Build | Farm |
| 18:21 | Build | Farm |
| 18:53 | Create | Villager (Male) |
| 18:53 | Create | Villager (Male) |
| 18:55 | Create | Monk |
| 19:12 | Build | House |
| 19:13 | Build | House |
| 19:15 | Create | Villager (Male) |
| 19:16 | Create | Villager (Male) |
| 19:36 | Build | Farm |
| 19:38 | Build | Farm |
| 19:40 | Research | Horse Collar |
| 19:49 | Create | Scout Cavalry |
| 20:26 | Create | Villager (Male) |
| 20:29 | Build | House |
| 20:31 | Build | House |
| 20:34 | Create | Scout Cavalry |
| 20:36 | Create | Villager (Male) |
| 20:36 | Create | Villager (Male) |
| 20:38 | Create | Villager (Male) |
| 20:42 | Build | Mill |
| 20:44 | Build | Farm |
| 20:44 | Build | Farm |
| 20:44 | Build | Farm |
| 20:44 | Build | Farm |
| 20:44 | Build | Farm |
| 20:45 | Build | Farm |
| 20:46 | Build | Farm |
| 20:46 | Build | Farm |
| 20:46 | Build | Farm |
| 20:49 | Create | Villager (Male) |
| 20:49 | Create | Villager (Male) |
| 20:58 | Create | Monk |
| 21:30 | Build | Farm |
| 21:39 | Create | Villager (Male) |
| 21:55 | Build | House |
| 21:59 | Create | Villager (Male) |
| 21:59 | Create | Villager (Male) |
| 22:00 | Create | Villager (Male) |
| 22:12 | Build | Town Center |
| 22:19 | Build | House |
| 22:20 | Build | House |
| 22:21 | Build | House |
| 22:44 | Create | Monk |
| 22:46 | Create | Villager (Male) |
| 22:46 | Create | Villager (Male) |
| 22:47 | Create | Villager (Male) |
| 22:48 | Create | Villager (Male) |
| 23:21 | Create | Villager (Male) |
| 23:21 | Create | Villager (Male) |
| 23:31 | Build | Farm |
| 23:32 | Build | Farm |
| 23:32 | Build | Farm |
| 23:32 | Build | Farm |
| 23:37 | Build | House |
| 23:48 | Create | Villager (Male) |
| 23:49 | Create | Villager (Male) |
| 24:03 | Build | Farm |
| 24:16 | Create | Villager (Male) |
| 24:16 | Create | Villager (Male) |
| 24:25 | Create | Villager (Male) |
| 24:29 | Build | Market |
| 24:48 | Create | Villager (Male) |
| 24:49 | Create | Villager (Male) |
| 24:53 | Create | Villager (Male) |
| 25:14 | Build | Siege Workshop |
| 25:21 | Create | Villager (Male) |
| 25:22 | Research | Wheelbarrow |
Build order — uvaperro
First 150 of 444 actions detected
| 0:03 | Build | House |
| 0:04 | Build | House |
| 0:10 | Create | Villager (Male) |
| 0:10 | Create | Villager (Male) |
| 0:10 | Create | Villager (Male) |
| 0:10 | Create | Villager (Male) |
| 1:37 | Create | Villager (Male) |
| 1:53 | Build | Mill |
| 2:07 | Create | Villager (Male) |
| 2:44 | Create | Villager (Male) |
| 3:07 | Create | Villager (Male) |
| 3:24 | Build | House |
| 3:28 | Create | Villager (Male) |
| 4:03 | Create | Villager (Male) |
| 4:19 | Create | Villager (Male) |
| 4:29 | Create | Villager (Male) |
| 5:02 | Create | Villager (Male) |
| 5:02 | Create | Villager (Male) |
| 5:02 | Create | Villager (Male) |
| 5:06 | Build | Lumber Camp |
| 5:24 | Create | Villager (Male) |
| 5:24 | Create | Villager (Male) |
| 5:38 | Build | House |
| 6:21 | Create | Villager (Male) |
| 6:21 | Create | Villager (Male) |
| 6:36 | Research | Loom |
| 6:41 | Create | Villager (Male) |
| 6:41 | Create | Villager (Male) |
| 6:46 | Create | Villager (Male) |
| 8:14 | Research | Feudal Age |
| 8:17 | Build | House |
| 8:42 | Build | Mill |
| 9:30 | Create | Villager (Male) |
| 10:37 | Create | Villager (Male) |
| 10:48 | Age | Feudal Age |
| 10:51 | Create | Villager (Male) |
| 11:01 | Build | Blacksmith |
| 11:55 | Build | Market |
| 12:00 | Create | Villager (Male) |
| 12:37 | Research | Castle Age |
| 12:48 | Build | House |
| 12:50 | Build | House |
| 12:59 | Build | Farm |
| 13:18 | Research | Double-Bit Axe |
| 13:27 | Research | Horse Collar |
| 13:37 | Build | House |
| 14:16 | Create | Villager (Male) |
| 14:23 | Build | House |
| 14:24 | Build | House |
| 15:17 | Age | Castle Age |
| 15:21 | Build | Town Center |
| 15:23 | Create | Villager (Male) |
| 15:28 | Build | Town Center |
| 15:40 | Build | House |
| 15:45 | Build | Farm |
| 15:52 | Create | Villager (Male) |
| 16:09 | Build | Farm |
| 16:16 | Build | House |
| 16:19 | Build | House |
| 16:22 | Create | Villager (Male) |
| 16:23 | Create | Villager (Male) |
| 16:40 | Build | Farm |
| 16:43 | Build | Farm |
| 16:51 | Build | Farm |
| 16:57 | Create | Villager (Male) |
| 17:00 | Build | Farm |
| 17:23 | Build | House |
| 17:24 | Build | House |
| 17:26 | Create | Villager (Male) |
| 17:28 | Build | Farm |
| 17:31 | Create | Villager (Male) |
| 17:56 | Build | Farm |
| 17:57 | Create | Villager (Male) |
| 18:00 | Build | Farm |
| 18:07 | Create | Villager (Male) |
| 18:33 | Create | Villager (Male) |
| 18:33 | Create | Villager (Male) |
| 18:35 | Build | Farm |
| 18:46 | Create | Villager (Male) |
| 18:49 | Build | Farm |
| 18:54 | Create | Villager (Male) |
| 19:07 | Build | Farm |
| 19:11 | Create | Villager (Male) |
| 19:14 | Build | Farm |
| 19:19 | Create | Villager (Male) |
| 19:29 | Create | Villager (Male) |
| 19:36 | Build | Farm |
| 19:46 | Create | Villager (Male) |
| 19:46 | Create | Villager (Male) |
| 19:50 | Build | Farm |
| 19:55 | Build | Farm |
| 19:59 | Create | Villager (Male) |
| 20:00 | Create | Villager (Male) |
| 20:02 | Build | Farm |
| 20:07 | Create | Villager (Male) |
| 20:18 | Build | Farm |
| 20:19 | Create | Villager (Male) |
| 20:36 | Build | Town Center |
| 20:40 | Create | Villager (Male) |
| 20:40 | Create | Villager (Male) |
| 20:40 | Create | Villager (Male) |
| 20:45 | Build | Farm |
| 20:53 | Create | Villager (Male) |
| 21:05 | Create | Villager (Male) |
| 21:06 | Create | Villager (Male) |
| 21:15 | Create | Villager (Male) |
| 21:18 | Build | Farm |
| 21:22 | Create | Villager (Male) |
| 21:33 | Create | Villager (Male) |
| 21:37 | Build | Farm |
| 21:40 | Build | Farm |
| 21:42 | Build | Farm |
| 21:46 | Create | Villager (Male) |
| 21:47 | Create | Villager (Male) |
| 21:50 | Create | Villager (Male) |
| 22:04 | Create | Villager (Male) |
| 22:05 | Create | Villager (Male) |
| 22:12 | Build | Farm |
| 22:14 | Create | Villager (Male) |
| 22:15 | Create | Villager (Male) |
| 22:24 | Create | Villager (Male) |
| 22:28 | Build | Barracks |
| 22:38 | Build | Farm |
| 22:42 | Create | Villager (Male) |
| 22:43 | Create | Villager (Male) |
| 22:52 | Create | Villager (Male) |
| 22:52 | Create | Villager (Male) |
| 23:00 | Create | Villager (Male) |
| 23:04 | Build | Farm |
| 23:06 | Create | Villager (Male) |
| 23:13 | Create | Villager (Male) |
| 23:14 | Create | Villager (Male) |
| 23:19 | Build | Farm |
| 23:22 | Create | Villager (Male) |
| 23:24 | Create | Villager (Male) |
| 23:34 | Create | Villager (Male) |
| 23:38 | Build | Archery Range |
| 23:42 | Create | Villager (Male) |
| 23:43 | Create | Villager (Male) |
| 23:49 | Build | Farm |
| 23:52 | Create | Villager (Male) |
| 24:00 | Create | Villager (Male) |
| 24:00 | Create | Villager (Male) |
| 24:04 | Build | Farm |
| 24:08 | Create | Villager (Male) |
| 24:18 | Build | Farm |
| 24:25 | Create | Villager (Male) |
| 24:25 | Create | Villager (Male) |
| 24:28 | Build | House |
| 24:30 | Build | House |
Build order — Q力山大一世
First 150 of 348 actions detected
| 0:06 | Create | Villager (Male) ×4 |
| 0:07 | Create | Villager (Male) ×4 |
| 0:15 | Build | House |
| 0:17 | Build | House |
| 0:21 | Build | House |
| 1:46 | Create | Villager (Male) |
| 1:59 | Build | Lumber Camp |
| 2:11 | Create | Villager (Male) |
| 2:35 | Create | Villager (Male) |
| 3:00 | Create | Villager (Male) |
| 3:21 | Create | Villager (Male) |
| 3:39 | Build | Mill |
| 3:48 | Create | Villager (Male) |
| 3:59 | Build | House |
| 4:02 | Create | Villager (Male) |
| 4:34 | Build | House |
| 4:44 | Create | Villager (Male) |
| 5:02 | Create | Villager (Male) |
| 5:20 | Create | Villager (Male) |
| 5:40 | Create | Villager (Male) |
| 6:01 | Create | Villager (Male) |
| 6:44 | Create | Villager (Male) |
| 7:13 | Create | Villager (Male) |
| 7:17 | Build | Mining Camp |
| 7:55 | Research | Feudal Age |
| 9:26 | Build | House |
| 10:05 | Age | Feudal Age |
| 10:17 | Build | Market |
| 10:27 | Build | Blacksmith |
| 10:33 | Build | House |
| 10:37 | Create | Villager (Male) |
| 10:38 | Create | Villager (Male) |
| 11:37 | Create | Villager (Male) |
| 12:24 | Research | Castle Age |
| 12:24 | Research | Castle Age |
| 12:34 | Build | Mining Camp |
| 12:42 | Research | Double-Bit Axe |
| 13:33 | Build | Farm |
| 13:34 | Build | Farm |
| 13:37 | Build | Farm |
| 14:24 | Build | Farm |
| 14:26 | Build | Farm |
| 14:33 | Create | Villager (Male) |
| 14:38 | Create | Villager (Male) |
| 15:04 | Age | Castle Age |
| 15:32 | Build | Farm |
| 15:50 | Create | Villager (Male) |
| 15:56 | Build | Farm |
| 16:05 | Build | Town Center |
| 16:10 | Create | Villager (Male) |
| 16:21 | Build | Town Center |
| 16:22 | Create | Villager (Male) |
| 16:24 | Build | Farm |
| 16:37 | Build | Monastery |
| 16:44 | Research | Horse Collar |
| 17:06 | Build | Farm |
| 17:07 | Create | Villager (Male) |
| 17:24 | Create | Villager (Male) |
| 17:39 | Create | Monk |
| 17:44 | Build | Farm |
| 17:46 | Create | Villager (Male) |
| 17:48 | Create | Villager (Male) |
| 17:55 | Build | Farm |
| 18:10 | Create | Villager (Male) |
| 18:11 | Create | Villager (Male) |
| 18:16 | Build | Farm |
| 18:18 | Build | Farm |
| 18:21 | Create | Villager (Male) |
| 18:28 | Build | Farm |
| 18:40 | Create | Villager (Male) |
| 18:41 | Create | Villager (Male) |
| 18:46 | Build | Farm |
| 19:01 | Build | Castle |
| 19:04 | Create | Villager (Male) |
| 19:06 | Create | Villager (Male) |
| 19:18 | Build | Farm |
| 19:23 | Build | Farm |
| 19:26 | Build | Farm |
| 19:29 | Create | Villager (Male) |
| 19:29 | Create | Villager (Male) |
| 19:34 | Build | Farm |
| 19:50 | Create | Villager (Male) |
| 19:50 | Create | Villager (Male) |
| 19:55 | Research | Fervor |
| 20:02 | Build | Farm |
| 20:10 | Build | Farm |
| 20:11 | Create | Villager (Male) |
| 20:12 | Create | Villager (Male) |
| 20:24 | Build | House |
| 20:30 | Build | Farm |
| 20:34 | Research | Wheelbarrow |
| 20:43 | Build | House |
| 20:50 | Create | Villager (Male) |
| 20:52 | Build | Farm |
| 20:55 | Create | Villager (Male) |
| 20:58 | Build | Farm |
| 21:03 | Create | Villager (Male) |
| 21:10 | Build | House |
| 21:11 | Build | House |
| 21:14 | Create | Villager (Male) |
| 21:16 | Create | Villager (Male) |
| 21:29 | Build | Farm |
| 21:35 | Build | Farm |
| 21:45 | Build | Farm |
| 21:46 | Create | Villager (Male) |
| 21:46 | Create | Villager (Male) |
| 21:47 | Create | Villager (Male) |
| 21:47 | Create | Villager (Male) |
| 21:54 | Build | Farm |
| 21:57 | Create | Villager (Male) |
| 21:57 | Create | Villager (Male) |
| 22:03 | Create | Villager (Male) |
| 22:10 | Create | Villager (Male) |
| 22:32 | Build | Farm |
| 22:34 | Build | Farm |
| 22:36 | Create | Villager (Male) |
| 22:36 | Create | Villager (Male) |
| 22:40 | Build | House |
| 22:42 | Build | House |
| 22:48 | Build | Farm |
| 23:00 | Build | Farm |
| 23:01 | Create | Villager (Male) |
| 23:04 | Create | Villager (Male) |
| 23:04 | Create | Villager (Male) |
| 23:05 | Create | Villager (Male) |
| 23:11 | Create | Villager (Male) |
| 23:16 | Build | House |
| 23:17 | Build | House |
| 23:34 | Build | Farm |
| 23:37 | Build | Farm |
| 23:41 | Create | Villager (Male) |
| 23:41 | Create | Villager (Male) |
| 23:48 | Create | Monk |
| 23:57 | Build | Farm |
| 24:04 | Create | Villager (Male) |
| 24:05 | Create | Villager (Male) |
| 24:15 | Research | Bow Saw |
| 24:39 | Build | House |
| 24:45 | Create | Villager (Male) |
| 24:45 | Create | Villager (Male) |
| 24:48 | Build | Farm |
| 24:51 | Create | Villager (Male) |
| 24:52 | Create | Villager (Male) |
| 24:54 | Create | Villager (Male) |
| 24:59 | Build | House |
| 25:41 | Build | House |
| 25:43 | Research | Imperial Age |
| 25:45 | Research | Hand Cart |
| 25:45 | Research | Loom |
| 26:01 | Build | Farm |
Build order — 不務正業護理斯
First 150 of 399 actions detected
| 0:04 | Create | Villager (Male) |
| 0:04 | Create | Villager (Male) |
| 0:06 | Build | House |
| 0:08 | Build | House |
| 0:12 | Create | Villager (Male) |
| 0:13 | Create | Villager (Male) |
| 0:13 | Create | Villager (Male) |
| 1:33 | Build | Lumber Camp |
| 1:35 | Create | Villager (Male) |
| 2:10 | Build | House |
| 2:11 | Build | House |
| 2:22 | Create | Villager (Male) |
| 2:22 | Create | Villager (Male) |
| 2:23 | Create | Villager (Male) |
| 2:52 | Create | Villager (Male) |
| 2:52 | Create | Villager (Male) |
| 3:04 | Create | Villager (Male) |
| 3:04 | Create | Villager (Male) |
| 3:45 | Create | Villager (Male) |
| 3:46 | Create | Villager (Male) |
| 4:21 | Create | Villager (Male) |
| 4:22 | Create | Villager (Male) |
| 4:31 | Build | Mill |
| 4:55 | Create | Villager (Male) |
| 4:55 | Create | Villager (Male) |
| 4:55 | Create | Villager (Male) |
| 5:26 | Create | Villager (Male) |
| 5:52 | Build | Mining Camp |
| 6:04 | Create | Villager (Male) |
| 6:11 | Create | Villager (Male) |
| 6:19 | Build | Farm |
| 6:39 | Create | Villager (Male) |
| 7:05 | Build | House |
| 7:11 | Create | Villager (Male) |
| 7:41 | Create | Villager (Male) |
| 7:43 | Build | Mill |
| 7:53 | Build | Farm |
| 7:55 | Create | Villager (Male) |
| 8:20 | Build | Farm |
| 8:27 | Research | Feudal Age |
| 8:34 | Build | Farm |
| 8:46 | Create | Villager (Male) |
| 8:46 | Create | Villager (Male) |
| 9:19 | Create | Villager (Male) |
| 10:33 | Age | Feudal Age |
| 10:37 | Build | Blacksmith |
| 10:44 | Build | Market |
| 10:54 | Create | Villager (Male) |
| 11:47 | Research | Castle Age |
| 11:47 | Research | Castle Age |
| 12:04 | Build | Mining Camp |
| 12:21 | Build | House |
| 12:23 | Build | House |
| 12:27 | Research | Horse Collar |
| 12:37 | Research | Double-Bit Axe |
| 12:51 | Create | Villager (Male) |
| 14:06 | Create | Villager (Male) |
| 14:12 | Age | Castle Age |
| 14:14 | Build | Town Center |
| 14:28 | Create | Villager (Male) |
| 15:06 | Create | Villager (Male) |
| 15:31 | Create | Villager (Male) |
| 15:51 | Create | Villager (Male) |
| 15:54 | Create | Villager (Male) |
| 16:02 | Create | Villager (Male) |
| 16:03 | Create | Villager (Male) |
| 16:04 | Create | Villager (Male) |
| 16:19 | Build | Town Center |
| 16:24 | Create | Villager (Male) |
| 16:32 | Build | Farm |
| 16:40 | Create | Villager (Male) |
| 16:40 | Create | Villager (Male) |
| 16:41 | Create | Villager (Male) |
| 16:44 | Build | Farm |
| 16:44 | Build | Farm |
| 16:54 | Build | Farm |
| 16:56 | Create | Villager (Male) |
| 16:57 | Create | Villager (Male) |
| 16:57 | Create | Villager (Male) |
| 17:08 | Research | Loom |
| 17:11 | Build | Farm |
| 17:11 | Build | Farm |
| 17:16 | Build | Farm |
| 17:27 | Create | Villager (Male) |
| 17:38 | Build | Farm |
| 17:50 | Build | House |
| 17:58 | Build | Farm |
| 18:00 | Create | Villager (Male) |
| 18:01 | Create | Villager (Male) |
| 18:26 | Build | Farm |
| 18:39 | Build | House |
| 18:52 | Build | Farm |
| 18:52 | Create | Villager (Male) |
| 18:52 | Create | Villager (Male) |
| 18:54 | Create | Villager (Male) |
| 18:55 | Create | Villager (Male) |
| 19:05 | Build | Farm |
| 19:05 | Build | Farm |
| 19:06 | Create | Villager (Male) |
| 19:09 | Build | Town Center |
| 19:29 | Build | Farm |
| 19:30 | Create | Villager (Male) |
| 19:31 | Create | Villager (Male) |
| 19:35 | Build | House |
| 19:36 | Build | House |
| 19:44 | Build | Farm |
| 19:46 | Create | Villager (Male) |
| 19:49 | Create | Villager (Male) |
| 19:49 | Create | Villager (Male) |
| 19:51 | Build | Farm |
| 19:54 | Build | Farm |
| 20:03 | Build | Farm |
| 20:07 | Build | Farm |
| 20:11 | Build | House |
| 20:12 | Build | House |
| 20:13 | Build | House |
| 20:27 | Build | Farm |
| 20:29 | Create | Villager (Male) |
| 20:29 | Create | Villager (Male) |
| 20:29 | Create | Villager (Male) |
| 20:54 | Create | Villager (Male) |
| 20:54 | Create | Villager (Male) |
| 20:56 | Build | Farm |
| 20:56 | Build | Farm |
| 21:02 | Build | Farm |
| 21:03 | Create | Villager (Male) |
| 21:03 | Create | Villager (Male) |
| 21:03 | Create | Villager (Male) |
| 21:04 | Create | Villager (Male) |
| 21:14 | Create | Villager (Male) |
| 21:14 | Create | Villager (Male) |
| 21:15 | Build | Farm |
| 21:16 | Build | Farm |
| 21:24 | Create | Villager (Male) |
| 21:44 | Build | Farm |
| 21:45 | Research | Heavy Plow |
| 21:58 | Build | Farm |
| 21:59 | Create | Villager (Male) |
| 21:59 | Create | Villager (Male) |
| 21:59 | Create | Villager (Male) |
| 22:00 | Create | Villager (Male) |
| 22:00 | Create | Villager (Male) |
| 22:06 | Research | Gold Mining |
| 22:11 | Build | House |
| 22:14 | Build | Monastery |
| 22:23 | Build | Farm |
| 22:24 | Create | Villager (Male) |
| 22:25 | Create | Villager (Male) |
| 22:26 | Create | Villager (Male) |
| 22:26 | Create | Villager (Male) |
Match timeline
| 9:32 | 等我上帝王 · age_up feudal |
| 10:05 | Q力山大一世 · age_up feudal |
| 10:21 | ang · first_building Barracks |
| 10:23 | 碧蓝档案糕手 · first_building Barracks |
| 10:33 | 不務正業護理斯 · age_up feudal |
| 10:48 | uvaperro · age_up feudal |
| 11:16 | 碧蓝档案糕手 · age_up feudal |
| 11:22 | wang_03 · age_up feudal |
| 11:22 | 碧蓝档案糕手 · first_building Stable |
| 11:50 | ang · age_up feudal |
| 11:52 | ang · first_building Archery Range |
| 12:15 | 人老手不慢 · age_up feudal |
| 12:33 | uvaperro · first_market_sell 100 food |
| 14:02 | wang_03 · first_building Barracks |
| 14:12 | 不務正業護理斯 · age_up castle |
| 14:57 | 人老手不慢 · age_up castle |
| 14:57 | 碧蓝档案糕手 · age_up castle |
| 15:03 | 碧蓝档案糕手 · first_building Monastery |
| 15:04 | Q力山大一世 · age_up castle |
| 15:17 | uvaperro · age_up castle |
| 15:22 | ang · age_up castle |
| 15:30 | wang_03 · age_up castle |
| 15:41 | 等我上帝王 · age_up castle |
| 15:42 | wang_03 · first_building Monastery |
| 16:37 | Q力山大一世 · first_building Monastery |
| 17:35 | 等我上帝王 · first_building Monastery |
| 17:46 | 人老手不慢 · first_building Monastery |
| 19:01 | Q力山大一世 · first_building Castle |
| 20:04 | wang_03 · first_market_buy 100 stone |
| 20:29 | uvaperro · first_market_buy 100 stone |
| 22:14 | 不務正業護理斯 · first_building Monastery |
| 22:25 | ang · first_building Monastery |
| 22:28 | uvaperro · first_building Barracks |
| 23:15 | 不務正業護理斯 · first_building Barracks |
| 23:38 | uvaperro · first_building Archery Range |
| 24:30 | 不務正業護理斯 · first_building Stable |
| 25:03 | 等我上帝王 · first_market_sell 100 wood |
| 25:10 | 人老手不慢 · first_building Castle |
| 25:14 | 碧蓝档案糕手 · first_building Siege Workshop |
| 25:24 | ang · first_building Stable |
| 25:48 | uvaperro · first_building Castle |
| 25:54 | 等我上帝王 · first_building Castle |
| 25:58 | 人老手不慢 · first_building Stable |
| 26:14 | 碧蓝档案糕手 · first_market_sell 100 wood |
| 26:33 | ang · first_building Castle |
| 27:03 | 等我上帝王 · first_market_buy 100 food |
| 27:24 | Q力山大一世 · first_building Barracks |
| 27:24 | 碧蓝档案糕手 · first_building Archery Range |
| 27:31 | 不務正業護理斯 · first_building Castle |
| 27:57 | wang_03 · first_building Castle |
| 28:00 | Q力山大一世 · first_building Siege Workshop |
| 28:02 | ang · first_building Siege Workshop |
| 28:06 | 不務正業護理斯 · first_building Siege Workshop |
| 28:12 | wang_03 · first_building Siege Workshop |
| 28:18 | 人老手不慢 · first_building Archery Range |
| 28:31 | 人老手不慢 · first_building Siege Workshop |
| 28:37 | 碧蓝档案糕手 · first_building Castle |
| 28:44 | ang · age_up imperial |
| 28:53 | Q力山大一世 · age_up imperial |
| 29:26 | 不務正業護理斯 · first_market_sell 500 wood |
| 29:43 | 碧蓝档案糕手 · age_up imperial |
| 29:47 | Q力山大一世 · first_building Archery Range |
| 29:55 | 不務正業護理斯 · age_up imperial |
| 30:14 | 等我上帝王 · age_up imperial |
| 30:35 | 不務正業護理斯 · first_building Archery Range |
| 30:48 | 人老手不慢 · age_up imperial |
| 31:23 | uvaperro · age_up imperial |
| 31:36 | 等我上帝王 · first_building Barracks |
| 32:10 | 等我上帝王 · first_building Stable |
| 32:19 | 等我上帝王 · first_building Siege Workshop |
| 32:26 | wang_03 · age_up imperial |
| 32:40 | uvaperro · first_building Siege Workshop |
| 33:20 | uvaperro · first_building Stable |
| 34:57 | 等我上帝王 · first_building Archery Range |
| 35:44 | Q力山大一世 · wall_segment Stone Wall x6 |
| 36:10 | ang · resign |
| 36:32 | Q力山大一世 · wall_segment Stone Wall x7 |
| 37:01 | Q力山大一世 · wall_segment Stone Wall x2 |
| 38:02 | Q力山大一世 · wall_segment Stone Wall x3 |
[ AI ANALYSIS · 1 CREDIT ]
What really happened in this match?
Wolo.gg analyzes every decision: build order, eco, micro, common mistakes by bracket. Personalized analysis on WhatsApp or Discord in 30 seconds.
Civ guide
Burmese
Perfil
Jugador #17044115